 Dungeon Crawl Stone Soup version 0.21-a0-632-g1e37ce5 (webtiles) character file.

41778 Lanoc the Nimble (level 14, -2/99 HPs)
             Began as a Gnoll Monk on Dec 27, 2017.
             Was the Champion of Hepliaklqana.
             Slain by a slime creature (12 damage)
             ... on level 15 of the Dungeon.
             The game lasted 01:07:00 (13245 turns).

Lanoc the Nimble (Gnoll Monk)                      Turns: 13245, Time: 01:07:01

Health: -2/99      AC: 24    Str: 23    XL:     14   Next: 16%
Magic:  26/26      EV: 14    Int: 16    God:    Hepliaklqana [******]
Gold:   1071       SH:  0    Dex: 20    Spells: 26/30 levels left

rFire    . . .     SeeInvis .   D - +9 quarterstaff of Ru's Supremacy {freeze, Str+4}
rCold    . . .     Gourm    .   (shield currently unavailable)
rNeg     + . .     Faith    .   F - +6 plate armour "Kiratz" {*Contam rElec MR+ Regen+}
rPois    .         Spirit   .   N - +0 helmet {Int+3}
rElec    +         Reflect  .   V - +2 cloak
rCorr    .         Harm     .   (no gloves)
MR       ++...                  (no boots)
Stlth    ..........             t - amulet of magic regeneration
HPRegen  0.66/turn              o - +3 ring of strength
MPRegen  0.45/turn              A - ring of positive energy

@: no status effects
A: distributed training, reduced essence, fangs 1, strong nose
a: Recall Ancestor, Ancestor Identity, Transference, Idealise, Renounce Religion


You were on level 15 of the Dungeon.
You worshipped Hepliaklqana.
Hepliaklqana was exalted by your worship.
You were not hungry.

You visited 2 branches of the dungeon, and saw 16 of its levels.
You visited 1 bazaar.
You also visited: Labyrinth and Bailey.

You collected 1071 gold pieces.

Inventory:

Hand Weapons
 a - a +4 scimitar of flaming
 D - the +9 quarterstaff of Ru's Supremacy (weapon) {freeze, Str+4}
   (You found it on level 13 of the Dungeon)

   It has been specially enchanted to freeze those struck by it, causing extra
   injury to most foes and up to half again as much damage against particularly
   susceptible opponents.
   It can also slow down cold-blooded creatures.
   It affects your strength (+4).
 M - a +2 scimitar of holy wrath
 Z - a +3 longbow of flaming
Missiles
 q - 55 sling bullets
 K - 273 arrows
 P - 29 bolts
Armour
 b - the +0 buckler of Hopscotch {rF+ rC+ Str+4 Stlth-}
   (You found it on level 7 of the Dungeon)

   It affects your strength (+4).
   It protects you from fire.
   It protects you from cold.
   It makes you less stealthy.
 B - the cursed +1 robe of Awe {Regen+ rCorr, unknown}
   (You found it on level 14 of the Dungeon)

   It increases your rate of regeneration.
   It protects you from acid and corrosion.
   It has a curse placed upon it.
 F - the +6 plate armour "Kiratz" (worn) {*Contam rElec MR+ Regen+}
   (You found it on level 7 of the Dungeon)

   It insulates you from electricity.
   It affects your resistance to hostile enchantments.
   It causes magical contamination when unequipped.
   It increases your rate of regeneration.
 N - a +0 helmet of intelligence (worn)
 V - a +2 cloak (worn)
Magical Staves
 G - an uncursed staff of wizardry
Jewellery
 i - an uncursed ring of wizardry
 o - a +3 ring of strength (left hand)
 t - an amulet of magic regeneration (around neck)
 A - a ring of positive energy (right hand)
Wands
 k - a wand of enslavement (24)
 C - a wand of scattershot (4)
 J - a wand of acid (6)
 Q - a wand of flame (46)
 S - a wand of clouds (5)
 X - a wand of disintegration (24)
 Y - a wand of iceblast (5)
Scrolls
 d - 2 scrolls of fear
 f - 4 scrolls of enchant armour
 n - 3 scrolls of teleportation
 r - 5 scrolls of remove curse
 s - 6 scrolls of enchant weapon
 H - a scroll of magic mapping
Potions
 e - a potion of might
 j - 2 potions of heal wounds
 m - a potion of cancellation
 u - 3 potions of brilliance
 v - 2 potions of ambrosia
 x - 4 potions of lignification
 I - 9 potions of curing
 O - a potion of flight
 R - 3 potions of mutation
 T - 2 potions of magic
 U - a potion of haste
 W - a potion of agility {unknown}
Books
 E - a book of Flames

   Spells                             Type                      Level
   a - Flame Tongue                   Conjuration/Fire             1
   b - Throw Flame                    Conjuration/Fire             2
   c - Conjure Flame                  Conjuration/Fire             3
   d - Inner Flame                    Hexes/Fire                   3
   e - Sticky Flame                   Conjuration/Fire             4
   f - Fireball                       Conjuration/Fire             5
Miscellaneous
 g - a phantom mirror
 h - a phial of floods
Comestibles
 c - 19 rations
 l - 3 chunks of flesh


   Skills:
 + Level 10.9 Fighting
 + Level 8.8 Short Blades
 + Level 8.8 Long Blades
 + Level 10.9 Axes
 + Level 8.8 Maces & Flails
 + Level 8.8 Polearms
 + Level 8.8 Staves
 + Level 8.8 Slings
 + Level 8.8 Bows
 + Level 8.8 Crossbows
 + Level 8.8 Throwing
 + Level 8.8 Armour
 + Level 10.9 Dodging
 + Level 9.8 Stealth
 + Level 8.8 Shields
 + Level 8.8 Unarmed Combat
 + Level 8.8 Spellcasting
 + Level 7.3 Conjurations
 + Level 7.3 Hexes
 + Level 7.3 Charms
 + Level 7.3 Summonings
 + Level 7.3 Necromancy
 + Level 7.3 Translocations
 + Level 7.3 Transmutations
 + Level 7.3 Fire Magic
 + Level 7.3 Ice Magic
 + Level 7.3 Air Magic
 + Level 7.3 Earth Magic
 + Level 7.3 Poison Magic
 + Level 9.6 Invocations
 + Level 8.8 Evocations


You had 26 spell levels left.
You knew the following spells:

 Your Spells              Type           Power        Failure   Level  Hunger
a - Ensorcelled Hibernat  Hex/Ice        ####..       10%         2    None
b - Animate Skeleton      Necr           N/A          7%          1    None
c - Apportation           Tloc           ####..       7%          1    None


Dungeon Overview and Level Annotations

Branches:
Dungeon (15/15)            Temple (1/1) D:7            Lair (0/6) D:8
    Orc (0/2) D:11         Vaults (0/5) D:13
 Depths: D:15

Altars:
Ashenzari
Cheibriados
Dithmenos
Elyvilon
Fedhas
Gozag
Hepliaklqana
Kikubaaqudgha
Makhleb
Nemelex Xobeh
Okawaru
Qazlal
Ru
Sif Muna
Trog
Uskayaw
Vehumet
Wu Jian
Xom
Yredelemnul
Zin
The Shining One

Shops:
D:7 *[(   D:10 *   D:14 (

Portals:
Trove: D:10 (give plate armour "Nof Lapn")


Innate Abilities, Weirdness & Mutations

Your experience applies equally to all skills.
You have very sharp teeth.
Your uncanny sense of smell can sniff out nearby items.
Your life essence is reduced to manifest your ancestor. (-10% HP)


Message History

The slime creature dies!
The slime creature hits you but does no damage. x2
The slime creature closely misses you.
You bludgeon the slime creature!! You freeze the slime creature.
You kill the slime creature!
The slime creature hits you but does no damage.
The slime creature hits you!
* * * LOW HITPOINT WARNING * * *
The slime creature hits Publius.
Publius hits the slime creature with a quarterstaff!!
The slime creature hits Publius!!
The slime creature barely misses Publius.
Publius barely misses the slime creature.
The slime creature hits Publius.
Publius hits the slime creature with a quarterstaff!
You bludgeon the slime creature!! You freeze the slime creature!
You bite the slime creature.
The slime creature is heavily wounded.
The slime creature hits Publius.
The slime creature hits you!
You die...

..# ..............#
..# ............#.
..# .#.........#..
..###.............
..<..............#
....###..........#
....#######...J..#
.......#....._.R.##
.....#.#.#.....J@.#
.....# # #......#.#
.....# #.<#...#.#
..##.# #..#.#.#.. ∆
..R..# ......#$####
#.#### ########..
#....# .###
####.######## .#
#.........# .####.#


You could see the friendly Publius the battlemage and 2 slime creatures.

Vanquished Creatures
  Rupert (D:13)
  Nessos (D:13)
  Snorg (D:14)
  A minotaur (Lab)
  A fire dragon (D:14)
  2 centaur warriors
  4 two-headed ogres
  Erica (D:9)
  Urug (D:14)
  Nergalle (D:12)
  An orc knight (D:13)
  A cyclops (D:14)
  A centaur zombie (D:13)
  Psyche (D:9)
  5 kobold demonologists
  A yaktaur (D:13)
  An efreet (D:14)
  4 trolls
  3 slime creatures
  A hippogriff (D:7)
  4 wraiths
  Eustachio (D:4)
  16 yaks
  A shadow (D:11)
  15 humans (D:13)
  A golden eye (shapeshifter) (D:13)
  2 hungry ghosts
  Grum (D:9)
  3 vampire mosquitoes
  A water moccasin (D:8)
  3 slaves (D:5)
  8 orc warriors
  A phantom (D:4)
  4 sky beasts
  3 eyes of draining (D:13)
  2 necrophages
  6 ogres
  7 centaurs
  2 wolves (D:9)
  5 big kobolds
  An elf zombie (D:14)
  8 bullfrogs
  A gnoll sergeant (D:11)
  Dowan (D:7)
  A wyvern skeleton (D:7)
  A scorpion (D:11)
  4 killer bees (D:13)
  6 wights
  5 crimson imps
  A jelly (D:9)
  7 orc priests
  A bullfrog skeleton (D:13)
  A centaur skeleton (D:8)
  7 hounds
  A human zombie (D:14)
  7 worker ants
  Natasha (twice) (D:4)
  3 iguanas
  8 orc wizards
  A worker ant zombie (D:11)
  10 adders
  17 gnolls
  A howler monkey skeleton (D:8)
  An ooze (D:4)
  2 worms
  A dart slug (D:2)
  8 leopard geckos
  36 orcs
  2 ball pythons (D:3)
  2 giant cockroaches
  9 goblins
  14 hobgoblins
  11 jackals
  4 quokkas
  5 bats
  8 frilled lizards
  27 kobolds
  A leopard gecko zombie (D:5)
  An orc zombie (D:14)
  5 rats
351 creatures vanquished.

Vanquished Creatures (collateral kills)
  A hydra (D:14)
  4 two-headed ogres
  A tengu warrior (D:14)
  A swamp dragon (shapeshifter) (D:13)
  Pikel (D:5)
  An ugly thing (D:13)
  A deep elf mage (D:14)
  An ice statue (D:7)
  Maurice (D:11)
  A komodo dragon (D:13)
  A tengu conjurer (D:14)
  A troll (D:9)
  A hippogriff (D:12)
  2 slime creatures
  Sigmund (D:5)
  A spriggan (D:7)
  2 wraiths
  A wyvern (D:12)
  6 yaks
  A basilisk (D:15)
  4 hungry ghosts
  A vampire mosquito (D:13)
  A water moccasin (D:8)
  Duvessa (D:7)
  4 orc warriors
  2 sky beasts (D:6)
  A slave (D:5)
  2 eyes of draining
  2 wolves (D:9)
  3 ogres
  4 phantoms
  2 centaurs
  A big kobold (D:11)
  A bullfrog (D:7)
  2 gnoll sergeants (D:11)
  A troll zombie (D:14)
  A killer bee (D:13)
  2 howler monkeys (D:7)
  14 wights
  4 crimson imps
  5 orc priests
  4 hounds
  A human zombie (D:14)
  3 bullfrog skeletons
  3 orc wizards
  2 iguanas
  A human skeleton (D:14)
  A worker ant zombie (D:10)
  A howler monkey zombie (D:10)
  4 gnolls
  A shadow imp (D:11)
  An adder skeleton (D:9)
  5 orcs
  A jackal (D:7)
  2 kobolds
  A leopard gecko zombie (D:6)
119 creatures vanquished.

Vanquished Creatures (others)
  A deep elf mage (D:12)
  A human (D:13)
  10 battlemagi
12 creatures vanquished.

Grand Total: 482 creatures vanquished

Notes
Turn   | Place    | Note
-------+----------+-------------------------------------------
     0 | D:1      | Lanoc the Gnoll Monk began the quest for the Orb.
     0 | D:1      | Reached XP level 1. HP: 23/23 MP: 1/1
   261 | D:1      | Reached XP level 2. HP: 24/29 MP: 2/2
   602 | D:1      | Reached XP level 3. HP: 28/35 MP: 3/3
   756 | D:2      | Found a glowing silver altar of Zin.
   996 | D:2      | Reached skill level 1 in Invocations
  1127 | D:2      | Found a shimmering altar of Xom.
  1255 | D:2      | Reached skill level 1 in Short Blades
  1255 | D:2      | Reached skill level 1 in Long Blades
  1255 | D:2      | Reached skill level 1 in Maces & Flails
  1255 | D:2      | Reached skill level 1 in Polearms
  1255 | D:2      | Reached skill level 1 in Staves
  1255 | D:2      | Reached skill level 1 in Slings
  1255 | D:2      | Reached skill level 1 in Bows
  1255 | D:2      | Reached skill level 1 in Crossbows
  1255 | D:2      | Reached skill level 1 in Throwing
  1255 | D:2      | Reached skill level 1 in Armour
  1255 | D:2      | Reached skill level 1 in Shields
  1255 | D:2      | Reached skill level 1 in Unarmed Combat
  1255 | D:2      | Reached skill level 1 in Spellcasting
  1255 | D:2      | Reached skill level 1 in Evocations
  1304 | D:2      | Reached XP level 4. HP: 41/41 MP: 5/5
  1537 | D:3      | Reached skill level 1 in Conjurations
  1537 | D:3      | Reached skill level 1 in Hexes
  1537 | D:3      | Reached skill level 1 in Charms
  1537 | D:3      | Reached skill level 1 in Summonings
  1537 | D:3      | Reached skill level 1 in Necromancy
  1537 | D:3      | Reached skill level 1 in Translocations
  1537 | D:3      | Reached skill level 1 in Transmutations
  1537 | D:3      | Reached skill level 1 in Fire Magic
  1537 | D:3      | Reached skill level 1 in Ice Magic
  1537 | D:3      | Reached skill level 1 in Air Magic
  1537 | D:3      | Reached skill level 1 in Earth Magic
  1537 | D:3      | Reached skill level 1 in Poison Magic
  1542 | D:3      | HP: 2/41 [something/magic dart (8)]
  1545 | D:3      | Reached XP level 5. HP: 15/47 MP: 6/6
  2679 | D:4      | Noticed Eustachio
  2696 | D:4      | Killed Eustachio
  2696 | D:4      | Reached XP level 6. HP: 5/53 MP: 7/9
  2744 | D:4      | Found an ornate altar of the Wu Jian Council.
  2857 | D:4      | Noticed Natasha
  2928 | D:4      | Reached XP level 7. HP: 49/59 MP: 10/10
  3055 | D:4      | Killed Natasha
  3134 | D:4      | Found an opulent altar of Gozag.
  3134 | D:4      | Found a hide-covered altar of Uskayaw.
  3316 | D:4      | Noticed Natasha
  3326 | D:4      | Killed Natasha
  3392 | D:4      | Found a hazy altar of Hepliaklqana.
  3408 | D:4      | Became a worshipper of Hepliaklqana the Forgotten
  3408 | D:4      | Reached * piety under Hepliaklqana
  3408 | D:4      | Reached ** piety under Hepliaklqana
  3412 | D:4      | Remembered your ancestor Publius as a battlemage
  3434 | D:5      | Entered Level 5 of the Dungeon
  3600 | D:5      | Reached skill level 5 in Stealth
  3658 | D:5      | Noticed Sigmund
  3664 | D:5      | Killed Sigmund
  3664 | D:5      | Reached XP level 8. HP: 45/60 MP: 10/12
  3667 | D:5      | Noticed Pikel
  3685 | D:5      | Killed Pikel
  3998 | D:5      | Reached XP level 9. HP: 64/64 MP: 14/14
  4779 | D:6      | Reached *** piety under Hepliaklqana
  5075 | D:7      | Reached skill level 5 in Invocations
  5111 | D:7      | Found Kiokoint's General Store.
  5182 | D:7      | Reached XP level 10. HP: 63/72 MP: 17/17
  5315 | D:7      | Found a staircase to the Ecumenical Temple.
  5327 | Temple   | Entered the Ecumenical Temple
  5706 | D:7      | Noticed Dowan
  5723 | D:7      | Reached skill level 5 in Short Blades
  5723 | D:7      | Reached skill level 5 in Long Blades
  5723 | D:7      | Reached skill level 5 in Maces & Flails
  5723 | D:7      | Reached skill level 5 in Polearms
  5723 | D:7      | Reached skill level 5 in Staves
  5723 | D:7      | Reached skill level 5 in Slings
  5723 | D:7      | Reached skill level 5 in Bows
  5723 | D:7      | Reached skill level 5 in Crossbows
  5723 | D:7      | Reached skill level 5 in Throwing
  5723 | D:7      | Reached skill level 5 in Armour
  5723 | D:7      | Reached skill level 5 in Shields
  5723 | D:7      | Reached skill level 5 in Unarmed Combat
  5723 | D:7      | Reached skill level 5 in Spellcasting
  5723 | D:7      | Reached skill level 5 in Evocations
  5728 | D:7      | Noticed Duvessa
  5740 | D:7      | Killed Duvessa
  5749 | D:7      | Killed Dowan
  5840 | D:7      | Noticed an ice statue
  6015 | D:7      | Found Qaeleak's Antique Armour Shoppe.
  6041 | D:7      | Killed an ice statue
  6161 | D:7      | Found Nolucuw's Weapon Boutique.
  6387 | D:7      | Got an ancient buckler
  6395 | D:7      | Got a smoking plate armour
  6426 | D:7      | Identified the cursed +0 buckler of Hopscotch {rF+ rC+ Str+4 Stlth-} (You found it on level 7 of the Dungeon)
  6436 | D:7      | Identified the +6 plate armour "Kiratz" {*Contam rElec MR+ Regen+} (You found it on level 7 of the Dungeon)
  6589 | D:8      | Reached **** piety under Hepliaklqana
  6594 | D:8      | Found an iron altar of Okawaru.
  6715 | D:8      | Found a glowing golden altar of the Shining One.
  6817 | D:8      | Found a staircase to the Lair.
  6877 | D:8      | Found a snail-covered altar of Cheibriados.
  6949 | D:9      | Noticed a two-headed ogre
  6959 | D:9      | Killed a two-headed ogre
  6985 | D:9      | Reached XP level 11. HP: 44/78 MP: 19/19
  7121 | D:9      | Noticed Psyche
  7130 | D:9      | Killed Psyche
  7135 | D:9      | Noticed a two-headed ogre
  7164 | D:9      | Killed a two-headed ogre
  7180 | D:9      | Noticed Erica
  7191 | D:9      | Killed Erica
  7191 | D:9      | Reached skill level 5 in Conjurations
  7191 | D:9      | Reached skill level 5 in Hexes
  7191 | D:9      | Reached skill level 5 in Charms
  7191 | D:9      | Reached skill level 5 in Summonings
  7191 | D:9      | Reached skill level 5 in Necromancy
  7191 | D:9      | Reached skill level 5 in Translocations
  7191 | D:9      | Reached skill level 5 in Transmutations
  7191 | D:9      | Reached skill level 5 in Fire Magic
  7191 | D:9      | Reached skill level 5 in Ice Magic
  7191 | D:9      | Reached skill level 5 in Air Magic
  7191 | D:9      | Reached skill level 5 in Earth Magic
  7191 | D:9      | Reached skill level 5 in Poison Magic
  7352 | D:9      | Found a bloodstained altar of Trog.
  7645 | D:9      | Noticed Grum
  7653 | D:9      | Killed Grum
  7756 | D:10     | Entered Level 10 of the Dungeon
  7790 | D:10     | Reached ***** piety under Hepliaklqana
  7797 | D:10     | Found Coruf's General Store.
  8099 | D:10     | Found a portal to a secret trove of treasure.
  8219 | D:10     | Noticed a two-headed ogre
  8225 | D:10     | Killed a two-headed ogre
  8352 | D:11     | Noticed a sixfirhy
  8490 | D:11     | Found a flagged portal.
  8501 | Bailey   | Entered a bailey
  8991 | Bailey   | Identified a scroll of acquirement
  8992 | Bailey   | Got a faintly glowing plate armour
  8993 | Bailey   | Identified the +4 plate armour "Paasysipn" {rF+ Dex-3 Stlth+} (You acquired it in a bailey)
  9002 | D:11     | Noticed a two-headed ogre
  9009 | D:11     | Killed a two-headed ogre
  9097 | D:11     | Noticed Maurice
  9110 | D:11     | Reached XP level 12. HP: 61/86 MP: 22/22
  9112 | D:11     | Killed Maurice
  9731 | D:11     | Found a staircase to the Orcish Mines.
 10114 | D:12     | Found a labyrinth entrance.
 10123 | Lab      | Entered a labyrinth
 10220 | Lab      | Noticed a minotaur
 10228 | Lab      | Killed a minotaur
 10249 | Lab      | Found the amulet of the Air {Inacc +Fly rElec EV+5 RMsl}
 10262 | Lab      | Got a scorched long sword
 10266 | Lab      | Identified the cursed +0 long sword of Deflation {drain, Int-3 Dex+5} (You found it in a labyrinth)
 10273 | Lab      | Got a pitted scale mail
 10286 | Lab      | Identified the +6 scale mail of Fanaticism {Dex+3} (You found it in a labyrinth)
 10297 | Lab      | Learned a level 2 spell: Ensorcelled Hibernation
 10333 | D:12     | Noticed Nergalle
 10344 | D:12     | Killed Nergalle
 10395 | D:12     | Noticed a centaur warrior
 10408 | D:12     | Killed a centaur warrior
 10408 | D:12     | Reached skill level 10 in Fighting
 10408 | D:12     | Reached skill level 10 in Axes
 10408 | D:12     | Reached skill level 10 in Dodging
 10545 | D:12     | Noticed a two-headed ogre
 10550 | D:12     | Killed a two-headed ogre
 10619 | D:12     | Noticed a two-headed ogre
 10627 | D:12     | Killed a two-headed ogre
 10627 | D:12     | Reached XP level 13. HP: 75/92 MP: 24/24
 10729 | D:13     | Found a flickering gateway to a bazaar.
 10732 | Bazaar   | Entered a bazaar
 10751 | Bazaar   | Found Zebar Egebe's Distillery.
 10766 | Bazaar   | Found Hinoso Tieki's Gadget Shop.
 10781 | Bazaar   | Found Nehadyng's Antique Armour Shop.
 10781 | Bazaar   | Found Gaepacs's Weapon Boutique.
 10931 | D:13     | Got a bone quarterstaff
 10938 | D:13     | Identified the +9 quarterstaff of Ru's Supremacy {freeze, Str+4} (You found it on level 13 of the Dungeon)
 11216 | D:13     | Noticed Nessos
 11265 | D:13     | Killed Nessos
 11382 | D:13     | Noticed Rupert
 11402 | D:13     | HP: 3/93 [Rupert/battleaxe of draining (2)]
 11741 | D:13     | Found a gate to the Vaults.
 11759 | D:13     | Paralysed by Rupert for 4 turns
 11764 | D:13     | Killed Rupert
 11923 | D:14     | Found Cude's Weapon Emporium.
 11950 | D:14     | Reached ****** piety under Hepliaklqana
 12077 | D:14     | Got a silken robe
 12157 | D:14     | Found a basalt altar of Yredelemnul.
 12231 | D:14     | Noticed Urug
 12237 | D:14     | Killed Urug
 12343 | D:14     | Learned a level 1 spell: Animate Skeleton
 12351 | D:14     | Learned a level 1 spell: Apportation
 12354 | D:14     | Noticed a fire dragon
 12362 | D:14     | Killed a fire dragon
 12362 | D:14     | Reached XP level 14. HP: 55/99 MP: 26/26
 12641 | D:14     | Noticed Snorg
 12655 | D:14     | Killed Snorg
 13132 | D:15     | Entered Level 15 of the Dungeon
 13221 | D:15     | Found a white marble altar of Elyvilon.
 13245 | D:15     | Slain by a slime creature

Vault maps used:
D:1:      lightli_molten_gateway
D:2:      overflow_temple_1_default, tgw_xom, first_ration, st_stairs_11
D:4:      lemuel_crystal_altar, gammafunk_temple_overflow_wave,
          lemuel_doored_altar, nrook_mini_backslash, uniq_eustachio,
          uniq_natasha
D:5:      kennysheep_nondescript, nrook_pool_corridor, grunt_decor_resistance,
          uniq_sigmund, uniq_pikel
D:7:      lemuel_ice_statue, minmay_temple_entry_trees, serial_shops, shop,
          nicolae_shop_trees, shop, the_bakery, uniq_duvessa
D:8:      old_standard_altar, kennysheep_mini, okawaru_metal_pillars_1_2
D:9:      lightli_temple_of_fire, lightli_fourway_metalbox, uniq_erica,
          uniq_psyche, uniq_grum
D:10:     enter_trove_6, serial_shops, shop
D:11:     kennysheep_orc_monster_closet_entryway, enter_bailey_2, uniq_maurice
D:12:     lab_entry_generic, kennysheep_generic_room_14, uniq_nergalle
D:13:     david_vaults_3, serial_shops, bzr_in_the_mist
D:14:     serial_shops, shop_coins, lemuel_mausoleum_altar_yredelemnul,
          minmay_misc_feat_chi, lemuel_flame_loot_1, uniq_nessos, uniq_snorg,
          uniq_urug
D:15:     grunt_enter_depths_magical_seal, grunt_decor_one_mirror, basic_altar
Temple:   hc_temple_tempest_star
Lab:      labyrinth_spiral, labyrinth_lava_lair, nicolae_lab_t_cross,
          nicolae_lab_checkerboard, labyrinth_skeletal_remains
Bazaar:   bazaar_jpeg_honeycomb
Bailey:   bailey_axe_2, bailey

Skill      XL: |  1  2  3  4  5  6  7  8  9 10 11 12 13 |
---------------+----------------------------------------+-----
Invocations    | 1 2 3 4 5 6 7 8 9 |  9.6
Short Blades   | 1 2 3 4 5 6 7 8 |  8.8
Long Blades    | 1 2 3 4 5 6 7 8 |  8.8
Maces & Flails | 1 2 3 4 5 6 7 8 |  8.8
Polearms       | 1 2 3 4 5 6 7 8 |  8.8
Staves         | 1 2 3 4 5 6 7 8 |  8.8
Slings         | 1 2 3 4 5 6 7 8 |  8.8
Bows           | 1 2 3 4 5 6 7 8 |  8.8
Crossbows      | 1 2 3 4 5 6 7 8 |  8.8
Throwing       | 1 2 3 4 5 6 7 8 |  8.8
Armour         | 1 2 3 4 5 6 7 8 |  8.8
Shields        | 1 2 3 4 5 6 7 8 |  8.8
Unarmed Combat | 1 2 3 4 5 6 7 8 |  8.8
Spellcasting   | 1 2 3 4 5 6 7 8 |  8.8
Evocations     | 1 2 3 4 5 6 7 8 |  8.8
Conjurations   | 1 2 3 4 5 6 7 |  7.3
Hexes          | 1 2 3 4 5 6 7 |  7.3
Charms         | 1 2 3 4 5 6 7 |  7.3
Summonings     | 1 2 3 4 5 6 7 |  7.3
Necromancy     | 1 2 3 4 5 6 7 |  7.3
Translocations | 1 2 3 4 5 6 7 |  7.3
Transmutations | 1 2 3 4 5 6 7 |  7.3
Fire Magic     | 1 2 3 4 5 6 7 |  7.3
Ice Magic      | 1 2 3 4 5 6 7 |  7.3
Air Magic      | 1 2 3 4 5 6 7 |  7.3
Earth Magic    | 1 2 3 4 5 6 7 |  7.3
Poison Magic   | 1 2 3 4 5 6 7 |  7.3
Fighting       | 7 8 9 10 | 10.9
Axes           | 7 8 9 10 | 10.9
Dodging        | 7 8 9 10 | 10.9
Stealth        | 5 6 7 8 9 |  9.8

Action                   |  1- 3 |  4- 6 |  7- 9 | 10-12 | 13-15 || total
-------------------------+-------+-------+-------+-------+-------++-------
Melee: Hand axe          |    65 |   116 |   132 |   550 |    31 ||   894
       Bite              |     7 |    15 |    26 |   115 |    57 ||   220
       Punch             |       |       |     3 |       |       ||     3
       Dire flail        |       |       |    69 |    84 |       ||   153
       Long sword        |       |       |       |     8 |       ||     8
       Quarterstaff      |       |       |       |       |   257 ||   257
Invok: Ancestor Life: Ba |       |       |     1 |       |       ||     1
  Use: Potion            |       |     6 |       |     2 |     4 ||    12
       Scroll            |       |     5 |     2 |    21 |     5 ||    33
 Stab: Sleeping          |     9 |     7 |    11 |     4 |       ||    31
       Distracted        |       |       |     2 |    11 |     3 ||    16
  Eat: Chunk             |     1 |     5 |     7 |    20 |     5 ||    38
       Ration            |       |       |       |     1 |     2 ||     3
Armor: Robe              |     4 |    20 |       |       |       ||    24
       Leather armour    |       |     8 |    34 |    17 |       ||    59
       Plate armour      |       |       |       |   309 |   192 ||   501
Dodge: Dodged            |    46 |    96 |   121 |   391 |   189 ||   843
Block: Buckler           |       |       |       |   184 |     4 ||   188
       Large shield      |       |       |       |    36 |       ||    36

Table legend:
 A = Spawn XP
 B = Non-spawn XP
 C = Spawn XP percentage of total XP
 D = Spawn monster count
 E = Non-spawn monster count
 F = Spawn count percentage of total count
 G = Total turns spent on level
                    A         B        C        D         E        F      G
               +---------+---------+-------+---------+---------+-------+---------
         Total |       0 |   59684 |   0.0 |       0 |     468 |   0.0 | 13245
               +---------+---------+-------+---------+---------+-------+---------
           D:1 |       0 |      36 |   0.0 |       0 |      16 |   0.0 |   756
           D:2 |       0 |      49 |   0.0 |       0 |      20 |   0.0 |   689
           D:3 |       0 |     222 |   0.0 |       0 |      30 |   0.0 |  1135
           D:4 |       0 |     626 |   0.0 |       0 |      30 |   0.0 |   854
           D:5 |       0 |    1557 |   0.0 |       0 |      15 |   0.0 |   800
           D:6 |       0 |    1589 |   0.0 |       0 |      26 |   0.0 |   813
           D:7 |       0 |    2867 |   0.0 |       0 |      39 |   0.0 |  1234
           D:8 |       0 |    1146 |   0.0 |       0 |      12 |   0.0 |   353
           D:9 |       0 |    5855 |   0.0 |       0 |      36 |   0.0 |   819
          D:10 |       0 |    1539 |   0.0 |       0 |      15 |   0.0 |   661
          D:11 |       0 |    8314 |   0.0 |       0 |      63 |   0.0 |  1067
          D:12 |       0 |    8023 |   0.0 |       0 |      35 |   0.0 |   572
          D:13 |       0 |   13336 |   0.0 |       0 |      45 |   0.0 |  1105
          D:14 |       0 |   11245 |   0.0 |       0 |      42 |   0.0 |  1209
          D:15 |       0 |    1868 |   0.0 |       0 |       9 |   0.0 |   113
           Lab |       0 |    1058 |   0.0 |       0 |       1 |   0.0 |   178
        Bailey |       0 |     354 |   0.0 |       0 |      34 |   0.0 |   495
               +---------+---------+-------+---------+---------+-------+---------
